 Dungeon Crawl Stone Soup version 0.22.2-1-ge965b3a (webtiles) character file.

6169 Gartch the Grappler (level 10, -14/141 HPs)
             Began as a Troll Arcane Marksman on Nov 30, 2018.
             Was an Elder of Okawaru.
             Demolished by Gastronok (27 damage)
             ... on level 8 of the Dungeon on May 21, 2019.
             The game lasted 01:29:30 (10440 turns).

Gartch the Grappler (Troll Arcane Marksman)        Turns: 10440, Time: 01:29:31

Health: -14/141    AC: 25    Str: 21    XL:     10   Next: 60%
Magic:  8/10       EV:  1    Int: 11    God:    Okawaru [****..]
Gold:   31         SH:  0    Dex: 12    Spells: 10/11 levels left

rFire    + . .     SeeInvis .     - Unarmed
rCold    . . .     Gourm    +   (no shield)
rNeg     + + +     Faith    .   (armour currently unavailable)
rPois    +         Spirit   .   (helmet currently unavailable)
rElec    .         Reflect  .   (cloak currently unavailable)
rCorr    .         Harm     .   (gloves unavailable)
MR       .....     NoTele   +   (boots unavailable)
Stlth    +++++.....             y - amulet of the acrobat
HPRegen  0.73/turn              D - ring of Moral Flaws {rPois rF+ rN+ Int+2 Stlth+}
MPRegen  0.12/turn              s - ring of stealth

@: tree-form, heroism
A: large, unfitting armour, fast metabolism 3, gourmand, regeneration 1
a: Heroism, Renounce Religion


You were on level 8 of the Dungeon.
You worshipped Okawaru.
Okawaru was greatly pleased with you.
You were not hungry.
You were a tree.
You visited 2 branches of the dungeon, and saw 10 of its levels.

You collected 397 gold pieces.
You spent 366 gold pieces at shops.

Inventory:

Hand Weapons
 g - a +0 hunting sling
Missiles
 c - 7 large rocks
 d - 2 throwing nets
 e - 19 stones (quivered)
Armour
 a - a +1 robe (melded)
Jewellery
 o - a +4 ring of intelligence
 s - a ring of stealth (right branch)
 v - an uncursed amulet of rage
 y - an amulet of the acrobat (around neck)
 C - the ring of Trog's Regard {rPois Str-2 Dex+2 SInv}
   (You bought it in a shop on level 7 of the Dungeon)

   [ring of see invisible]

   It affects your strength (-2).
   It affects your dexterity (+2).
   It protects you from poison.
   It lets you see invisible.
 D - the ring of Moral Flaws (left branch) {rPois rF+ rN+ Int+2 Stlth+}
   (You took it off a wight on level 7 of the Dungeon)

   [ring of poison resistance]

   It affects your intelligence (+2).
   It protects you from fire.
   It protects you from poison.
   It protects you from negative energy.
   It makes you more stealthy.
 F - an uncursed ring of flight
 H - an uncursed ring of fire
 J - an uncursed ring of protection from cold
Wands
 b - a wand of acid (10)
 q - a wand of random effects (17)
 I - a wand of disintegration (10)
Scrolls
 h - 6 scrolls of remove curse
 j - 3 scrolls of enchant armour
 m - 2 scrolls of immolation
 n - 2 scrolls of fear
 x - a scroll of enchant weapon {unknown}
 z - a scroll of random uselessness {unknown}
 B - a scroll of holy word {unknown}
 E - a scroll of magic mapping {unknown}
Potions
 i - a potion of flight
 l - a potion of agility
 p - a potion of resistance {unknown}
 r - 3 potions of brilliance
 t - a potion of invisibility {unknown}
 u - 2 potions of lignification
 w - 2 potions of heal wounds {unknown}
 A - 2 potions of might
 G - a potion of berserk rage {unknown}
Comestibles
 f - 16 rations


   Skills:
 - Level 4.9(9.9) Fighting
 - Level 1.7(6.7) Throwing
 - Level 5.9(10.9) Dodging
 + Level 12.9(17.9) Unarmed Combat
 - Level 1.0 Spellcasting
 - Level 2.0 Hexes


You had 10 spell levels left.
You knew the following spells:

 Your Spells              Type           Power        Failure   Level  Hunger
a - Corona                Hex            #......      14%         1    ##.....

Your spell library contained the following spells:

 Spells                   Type           Power        Failure   Level  Hunger
 Slow                     Hex            #.......     22%         2    ###....
 Freeze                   Ice            #...         32%         1    ##.....
 Ensorcelled Hibernation  Hex/Ice        #.....       32%         2    ###....
 Confuse                  Hex            #.......     38%         3    ####...
 Tukima's Dance           Hex            #.......     38%         3    ####...
 Blink                    Tloc           N/A          43%         2    ###....
 Shroud of Golubria       Chrm/Tloc      #.........   43%         2    ###....
 Throw Frost              Conj/Ice       #.....       43%         2    ###....
 Dazzling Spray           Conj/Hex       #.....       54%         3    ####...
 Inner Flame              Hex/Fire       #.......     54%         3    ####...
 Portal Projectile        Hex/Tloc       #.....       54%         3    ####...
 Gell's Gravitas          Tloc           #.........   67%         3    ####...
 Lesser Beckoning         Tloc           #.........   67%         3    ####...
 Ozocubu's Armour         Chrm/Ice       #.......     67%         3    ####...
 Teleport Other           Tloc           #.......     67%         3    ####...
 Cause Fear               Hex            #.........   80%         4    #####..
 Leda's Liquefaction      Hex/Erth       #.........   91%         4    #####..
 Passage of Golubria      Tloc           N/A          97%         4    #####..
 Summon Ice Beast         Ice/Summ       #.......     97%         4    #####..
 Throw Icicle             Conj/Ice       #.......     97%         4    #####..


Dungeon Overview and Level Annotations

Branches:
Dungeon (9/15)             Temple (1/1) D:6
   Lair: D:8-11         Orc: D:9-12

Altars:
Ashenzari
Cheibriados
Dithmenos
Elyvilon
Fedhas
Gozag
Hepliaklqana
Kikubaaqudgha
Makhleb
Nemelex Xobeh
Okawaru
Qazlal
Ru
Sif Muna
Trog
Uskayaw
Vehumet
Wu Jian
Xom
Yredelemnul
Zin
The Shining One

Shops:
D:6 (}   D:7 =

Annotations:
D:8 exclusion: necrophage, Gastronok


Innate Abilities, Weirdness & Mutations

You are too large for most types of armour.
((You have claws for hands.))
Your metabolism is lightning-fast.
You like to eat raw meat.
Your natural rate of healing is unusually fast.
((You are covered in fur. (AC +1)))
((You have very tough skin. (AC +2)))


Message History

Here: Gastronok, wearing an embroidered hat (covering ground quickly)
The floor.
You pummel Gastronok!!
Gastronok is lightly wounded.
You smack Gastronok!
Gastronok is moderately wounded.
Gastronok waves his eye-stalks in wide circles.
The air twists around and strikes you!
* * * LOW HITPOINT WARNING * * *
You feel better.
You feel better. Gastronok bites you!
* * * LOW HITPOINT WARNING * * *
You smack Gastronok!
Gastronok is moderately wounded.
You hit Gastronok.
Gastronok is moderately wounded.
Okay, then.
You gain the combat prowess of a mighty hero.
Gastronok bites you!!
You die...

#............###≈#
#.....
#.J..........#.#≈#
#.....
#.#####≈≈≈....$# #
#..... .
.K..#≈8≈..####≈#
#.....
...#≈≈≈......≈#
#.....
...####......≈#
.....
####o.#..'..####≈#
#:D#..#..#)w# # #
#.##.o#..#.♣##.#
#.l...#. #.....#
#.....'. #.....#
####### #######


You could see Gastronok.

Vanquished Creatures
  A centaur warrior (D:8)
  Maurice (D:8)
  A kobold demonologist (D:7)
  2 hippogriffs (D:7)
  A yak (D:8)
  A wyvern (D:8)
  2 hungry ghosts
  A wraith (D:7)
  2 orc warriors
  2 sky beasts
  2 ice beasts
  A black bear (D:8)
  3 phantoms
  A hornet zombie (D:8)
  4 ogres
  6 centaurs
  A crocodile (D:7)
  4 bullfrogs
  A wyvern skeleton (D:8)
  A killer bee (D:8)
  2 scorpions
  2 wights
  4 howler monkeys
  A bullfrog zombie (D:5)
  4 crimson imps
  A jelly (D:8)
  7 orc priests
  A bullfrog skeleton (D:4)
  2 hounds
  A centaur skeleton (D:7)
  An iguana (D:5)
  4 worker ants
  9 orc wizards
  2 hound skeletons
  A howler monkey skeleton (D:8)
  8 adders
  7 gnolls
  9 river rats (D:4)
  3 shadow imps
  2 oozes
  An adder skeleton (D:7)
  4 worms
  4 dart slugs
  8 leopard geckos
  25 orcs
  2 ball pythons
  7 giant cockroaches
  5 goblins
  6 hobgoblins
  A jackal (D:8)
  6 quokkas
  10 bats
  4 frilled lizards
  A jackal skeleton (D:6)
  6 kobolds
  A leopard gecko skeleton (D:6)
  A quokka zombie (D:5)
  18 rats
219 creatures vanquished.

Notes
Turn   | Place    | Note
-------+----------+-------------------------------------------
     0 | D:1      | Gartch the Troll Arcane Marksman began the quest for the
                  | Orb.
     0 | D:1      | Reached XP level 1. HP: 18/18 MP: 1/1
   428 | D:1      | Reached skill level 1 in Unarmed Combat
   547 | D:1      | Reached XP level 2. HP: 26/26 MP: 2/2
   693 | D:1      | Reached skill level 2 in Unarmed Combat
  1236 | D:2      | Reached XP level 3. HP: 32/32 MP: 3/3
  1355 | D:2      | Found a shadowy altar of Dithmenos.
  1515 | D:2      | Reached skill level 3 in Unarmed Combat
  1976 | D:2      | Reached XP level 4. HP: 31/40 MP: 4/4
  2229 | D:3      | Reached skill level 4 in Unarmed Combat
  2348 | D:3      | Found a bloodstained altar of Trog.
  2841 | D:3      | Found a faded altar of an unknown god.
  3162 | D:4      | Reached skill level 5 in Unarmed Combat
  3162 | D:4      | Reached XP level 5. HP: 35/46 MP: 5/5
  3561 | D:4      | Reached skill level 6 in Unarmed Combat
  3561 | D:4      | Reached XP level 6. HP: 46/54 MP: 6/6
  4191 | D:4      | Found a sparkling altar of Nemelex Xobeh.
  4282 | D:5      | Entered Level 5 of the Dungeon
  4452 | D:5      | Reached skill level 7 in Unarmed Combat
  4572 | D:5      | Reached skill level 1 in Fighting
  4572 | D:5      | Reached XP level 7. HP: 23/62 MP: 7/7
  4676 | D:5      | Found a glowing golden altar of the Shining One.
  4677 | D:5      | Found an opulent altar of Gozag.
  5056 | D:5      | Found a bloodstained altar of Trog.
  5224 | D:6      | Found Ataenad's Gadget Shop.
  5307 | D:6      | Found a staircase to the Ecumenical Temple.
  5410 | D:6      | Reached skill level 8 in Unarmed Combat
  5529 | D:6      | Found Zimuim's Antique Weapon Boutique.
  5925 | Temple   | Entered the Ecumenical Temple
  5937 | Temple   | Upgraded the game from 0.22.1-2-g9c5b331 to
                  | 0.22.1-7-g5c428e7
  5980 | Temple   | Became a worshipper of Warmaster Okawaru
  6155 | D:6      | Upgraded the game from 0.22.1-7-g5c428e7 to
                  | 0.22.2-1-ge965b3a
  6288 | D:6      | Reached skill level 9 in Unarmed Combat
  6288 | D:6      | Reached XP level 8. HP: 46/72 MP: 8/8
  6470 | D:5      | Reached * piety under Okawaru
  7046 | D:7      | Found an ancient bone altar of Kikubaaqudgha.
  7484 | D:7      | Noticed a kobold demonologist
  7632 | D:7      | Found Eprej's Jewellery Boutique.
  7852 | D:7      | Noticed a white ugly thing
  7914 | D:8      | Noticed a hippogriff
  7980 | D:7      | Reached ** piety under Okawaru
  8021 | D:7      | Killed a hippogriff
  8021 | D:7      | Reached XP level 9. HP: 41/84 MP: 9/9
  8132 | D:8      | Noticed Maurice
  8169 | D:8      | Reached skill level 10 in Unarmed Combat
  8379 | D:8      | Found a sparkling altar of Nemelex Xobeh.
  8456 | D:8      | Found a shimmering altar of Xom.
  8456 | D:8      | Found an ornate altar of the Wu Jian Council.
  8496 | D:8      | Noticed Gastronok
  8503 | D:8      | Noticed a seven-headed hydra
  8761 | D:8      | Noticed a centaur warrior
  8769 | D:8      | Killed a centaur warrior
  8769 | D:8      | Reached skill level 11 in Unarmed Combat
  8866 | D:7      | Reached skill level 12 in Unarmed Combat
  8961 | D:7      | Reached *** piety under Okawaru
  9027 | D:7      | Reached XP level 10. HP: 91/92 MP: 10/10
  9209 | D:7      | Got an ancient silver ring
  9780 | D:8      | Reached skill level 5 in Dodging
  9784 | D:8      | Reached **** piety under Okawaru
  9856 | D:7      | Identified the ring of Moral Flaws {rPois rF+ rN+ Int+2
                  | Stlth+} (You took it off a wight on level 7 of the Dungeon)
 10272 | D:7      | Bought the ring of Trog's Regard {rPois Str-2 Dex+2 SInv}
                  | for 366 gold pieces
 10298 | D:8      | Killed Maurice
 10440 | D:8      | Demolished by Gastronok

Skill      XL: |  1  2  3  4  5  6  7  8  9 10 |
---------------+-------------------------------+-----
Unarmed Combat | 1 2 3 5 6 7 9 12 | 12.9
Fighting       | 1 2 4 |  4.9
Dodging        | 4 5 |  5.9
Throwing       | |  1.7
Spellcasting   | |  1.0
Hexes          | |  2.0

Action                   |  1- 3 |  4- 6 |  7- 9 | 10-12 || total
-------------------------+-------+-------+-------+-------++-------
Melee: Unarmed           |   106 |   192 |   260 |   126 ||   684
       Punch             |     2 |     3 |    17 |     6 ||    28
Invok: Heroism           |       |       |       |     1 ||     1
  Use: Scroll            |     3 |     3 |     7 |       ||    13
       Potion            |       |       |       |     3 ||     3
 Stab: Sleeping          |       |     3 |     5 |       ||     8
       Distracted        |       |       |     1 |     1 ||     2
  Eat: Chunk             |    23 |    24 |    46 |     8 ||   101
       Ration            |       |       |       |     2 ||     2
Armor: Robe              |    41 |    43 |    42 |    30 ||   156
       Skin              |       |       |       |    17 ||    17
Dodge: Dodged            |    46 |    64 |   105 |    73 ||   288
